 Dungeon Crawl Stone Soup version 0.30-a0-702-gdf48620a09 (webtiles) character file.

Game seed: 7067247259826515081

9 HoaS the Insei (level 1, -4/17 HPs)
             Began as a Demigod Gladiator on Jan 21, 2023.
             Slain by a gnoll
             ... wielding a +0 flail
              (8 damage)
             ... on level 1 of the Dungeon.
             The game lasted 00:01:09 (497 turns).

HoaS the Insei (Demigod Gladiator)                   Turns: 497, Time: 00:01:09

Health: -4/17      AC:  6    Str: 15    XL:     1   Next: 86%
Magic:  3/3        EV: 11    Int: 10    God:
Gold:   45         SH:  0    Dex: 15    Spells: 0/0 levels left

rFire   . . .      SeeInvis .      - Unarmed
rCold   . . .      Faith    .    (no shield)
rNeg    . . .      Spirit   .    e - +0 ring mail
rPois   .          Reflect  .    b - +0 helmet
rElec   .          Harm     .    (no cloak)
rCorr   .          Rampage  .    (no gloves)
Will    .....                    (no boots)
Stlth   +                        (no amulet)
HPRegen 0.22/turn                (no ring)
MPRegen 0.08/turn                (no ring)

@: no status effects
A: high MP 1, forlorn, divine attributes
a: no special abilities


You were on level 1 of the Dungeon.
You visited 1 branch of the dungeon, and saw 2 of its levels.

You collected 45 gold pieces.

Inventory:

Missiles
 c - 3 throwing nets (quivered)
 d - a javelin
Armour
 b - a +0 helmet (worn)
 e - a +0 ring mail (worn)
Scrolls
 f - a scroll of amnesia {unknown}
 g - a scroll of immolation {unknown}
 l - a scroll of blinking {unknown}
 m - a scroll of acquirement {unknown}
 n - a scroll of teleportation {unknown}
Potions
 a - a potion of haste {unknown}
 h - a potion of curing {unknown}
 i - a potion of brilliance {unknown}
 j - a potion of berserk rage {unknown}
 k - a potion of mutation {unknown}


   Skills:
 - Level 1.7 Fighting
 - Level 1.7 Throwing
 - Level 2.6 Dodging
 + Level 3.2 Unarmed Combat


You couldn't memorise any spells.
You didn't know any spells.
Your spell library contained the following spells:

 Spells                   Type           Power      Damage    Failure   Level
 Beastly Appendage        Tmut           0%         N/A       58%         1
 Wereblood                Tmut           0%         N/A       75%         2
 Spider Form              Tmut/Pois      0%         N/A       92%         3


Dungeon Overview and Level Annotations

Branches:
Dungeon (2/15)


Innate Abilities, Weirdness & Mutations

You have an increased reservoir of magic. (+10% MP)
You shall have no god before yourself.
Your divine heritage dramatically boosts your attributes as you level up.


Message History

You now have 45 gold pieces (gained 11).
n - a scroll labelled PYXTEOW QAHE
There is a stone staircase leading down here.
You open the door.
There is an open door here.
There is an open door here.
You enter the shallow water.
Moving in this stuff is going to be slow.
There is an open door here.
Found a dagger.
You pick up a book of Changes and begin reading...
You add the spells Beastly Appendage, Wereblood and Spider Form to your library.
A gnoll comes into view. It is wielding a +0 flail.
The gnoll shouts!
You hit the gnoll.
The gnoll is lightly wounded.
The gnoll hits you with a +0 flail.
You closely miss the gnoll.
The gnoll is lightly wounded.
The gnoll hits you with a +0 flail.
You hit the gnoll but do no damage.
The gnoll is lightly wounded.
The gnoll barely misses you.
You hit the gnoll.
The gnoll is moderately wounded.
The gnoll barely misses you.
You hit the gnoll.
The gnoll is heavily wounded.
The gnoll closely misses you.
You hit the gnoll but do no damage.
The gnoll is heavily wounded.
The gnoll barely misses you.
You barely miss the gnoll.
The gnoll is heavily wounded.
The gnoll hits you with a +0 flail.
* * * LOW HITPOINT WARNING * * *
You hit the gnoll.
The gnoll is severely wounded.
The gnoll hits you with a +0 flail!
You die...

##.##
#.......
#...####
#......#.
#......#
###.####
#..###.#
#..###.#
#....#.#
#.##.#.#
#......#
####@### #g#
##########
#.#
#........#
#.#
#.##.##..#
#.###........
#...g....#...
#####..#.#
..# #..#...
.# #.......##


You could see a gnoll.

Vanquished Creatures
  A dart slug (D:1)
  An endoplasm (D:1)
  2 hobgoblins (D:1)
  A kobold (D:1)
  2 rats (D:1)
7 creatures vanquished.

Notes
Turn   | Place    | Note
-------+----------+-------------------------------------------
     0 | D:1      | HoaS the Demigod Gladiator began the quest for the Orb.
     0 | D:1      | Reached XP level 1. HP: 17/17 MP: 3/3
    18 | D:1      | You fall into a shaft and drop 1 floor!
   144 | D:1      | Reached skill level 3 in Unarmed Combat
   497 | D:1      | Slain by a gnoll

Illustrated notes

Levels and vault maps discovered:
D:1:      tarquinn_simple_flora_water_c, layout_loops_cross
D:2:      layout_basic, basic_ecumenical_altar, uniq_terence

Skill      XL: |  1 |
---------------+----+-----
Unarmed Combat | 3 |  3.2
Fighting       | |  1.7
Throwing       | |  1.7
Dodging        | |  2.6

Action                   || total
-------------------------++-------
Melee: Unarmed           ||    39
Armor: Ring mail         ||     6
Dodge: Dodged            ||    19

Table legend: (Time is in decaauts)
 A = Elapsed time spent in this place.
 B = Non-inter-level travel time spent in this place.
 C = Inter-level travel time spent in this place.
 D = Time resting spent in this place.
 E = Time spent auto-exploring this place.
 F = Levels seen in this place.
 G = Mean time per level.
                   A        B        C        D        E       F      G
               +--------+--------+--------+--------+--------+-----+--------+
         Total |    497 |    497 |      0 |     29 |    347 |   2 |  248.5 |
       Dungeon |    497 |    497 |      0 |     29 |    347 |   2 |  248.5 |
               +--------+--------+--------+--------+--------+-----+--------+

Top non-repeatable levels by time:
     D:1: 469 daAuts
     D:2: 28 daAuts
